 Dungeon Crawl Stone Soup version 0.30-a0-591-g3c58d2bc28 (webtiles) character file.

Game seed: 15406742015574229647

294 OTABOTABOTAB the Insei (level 6, 0/47 HPs)
             Began as a Gnoll Transmuter on Jan 4, 2023.
             Slain by a quasit (2 damage)
             ... on level 4 of the Dungeon.
             The game lasted 00:05:48 (2879 turns).

OTABOTABOTAB the Insei (Gnoll Transmuter)           Turns: 2879, Time: 00:05:48

Health: 0/47       AC:  2    Str:  9    XL:     6   Next: 34%
Magic:  7/14       EV:  5    Int: 14    God:
Gold:   124        SH:  0    Dex: -3 (18) Spells: 5/15 levels left

rFire   . . .      SeeInvis .      - Unarmed
rCold   . . .      Faith    .    (shield currently unavailable)
rNeg    . . .      Spirit   .    (body armour currently unavailable)
rPois   x          Reflect  .    (helmet currently unavailable)
rElec   .          Harm     .    (cloak currently unavailable)
rCorr   .          Rampage  .    (gloves currently unavailable)
Will    .....                    (boots currently unavailable) Stlth
                                 (no amulet)
HPRegen 0.27/turn                (no ring)
MPRegen 0.14/turn                (no ring)

@: spider-form, wereblooded, very slightly contaminated, hasted and slowed, lost
dexterity
A: venomous fangs, tiny, (fangs 1), strong nose, distributed training
a: End Transformation


You were on level 4 of the Dungeon.
You were a venomous arachnid creature.
You visited 1 branch of the dungeon, and saw 6 of its levels.

You collected 144 gold pieces.
You spent 20 gold pieces at shops.

Inventory:

Hand Weapons
 l - a +3 dagger of pain
   (You took it off a kobold on level 1 of the Dungeon)
Missiles
 e - 5 atropa-tipped darts
 j - 6 boomerangs
 s - 3 stones (quivered)
Armour
 a - a +0 robe (melded)
 b - a +0 helmet (melded)
   (You found it on level 3 of the Dungeon)
 g - a +0 pair of boots
   (You found it on level 3 of the Dungeon)
 h - the +0 ring mail of Numa Hehess {rElec rC+ Int+4}
   (You found it on level 3 of the Dungeon)

   Int:       It affects your intelligence (+4).
   rC:        It protects you from cold.
   rElec:     It insulates you from electricity.
 m - a scarf of invisibility
   (You found it on level 4 of the Dungeon)
Magical Staves
 c - a staff of conjuration
   (You found it on level 2 of the Dungeon)
Wands
 d - a wand of digging (6)
   (You found it on level 4 of the Dungeon)
Scrolls
 f - 3 scrolls of identify {@r1}
 i - 2 scrolls of enchant armour
 k - a scroll of poison {!r}
 Y - 3 scrolls of teleportation {@r3}
Potions
 n - a potion of magic {unknown}
 o - a potion of attraction {unknown}
 P - a potion of lignification {!q}
 U - 2 potions of mutation {!q}


   Skills:
 + Level 3.2 Fighting
 + Level 2.0 Short Blades
 + Level 2.0 Long Blades
 + Level 2.0 Axes
 + Level 2.0 Maces & Flails
 + Level 2.0 Polearms
 + Level 2.0 Staves
 + Level 2.0 Ranged Weapons
 + Level 2.0 Throwing
 + Level 2.0 Armour
 + Level 5.0 Dodging
 + Level 2.0 Stealth
 + Level 2.0 Shields
 + Level 6.8 Unarmed Combat
 + Level 5.4 Spellcasting
 + Level 1.5 Conjurations
 + Level 1.5 Hexes
 + Level 1.5 Summonings
 + Level 1.5 Necromancy
 + Level 1.5 Translocations
 + Level 4.1 Transmutations
 + Level 1.5 Fire Magic
 + Level 1.5 Ice Magic
 + Level 1.5 Air Magic
 + Level 1.5 Earth Magic
 + Level 1.5 Poison Magic
 + Level 2.2 Invocations
 + Level 2.0 Evocations


You had 5 spell levels left.
You knew the following spells:

 Your Spells              Type           Power      Damage    Failure   Level
a - Beastly Appendage     Tmut           30%        N/A       11%         1
b - Wereblood             Tmut           15%        N/A       14%         2
c - Spider Form           Tmut/Pois      11%        N/A       34%         3
d - Ice Form              Ice/Tmut       11%        N/A       67%         4

Your spell library contained the following spells:

 Spells                   Type           Power      Damage    Failure   Level
 Scorch                   Fire           16%        2d5       30%         2
 Gell's Gravitas          Tloc           8%         N/A       47%         3
 Lesser Beckoning         Tloc           16%        N/A       47%         3
 Teleport Other           Tloc           8%         N/A       47%         3
 Airstrike                Air            4%         2d(1-17)  83%         4
 Flame Wave               Conj/Fire      8%         2d5       83%         4
 Summon Lightning Spire   Summ/Air       8%         N/A       83%         4
 Lightning Bolt           Conj/Air       4%         1d15      98%         5
 Summon Cactus Giant      Summ           4%         N/A       100%        6


Dungeon Overview and Level Annotations

Branches:
Dungeon (6/15)             Temple (0/1) D:4

Altars:
Makhleb

Shops:
D:2 *[(:

Annotations:
D:6 Prince Ribbit


Innate Abilities, Weirdness & Mutations

You are a venomous arachnid creature.
You have poisonous fangs.
You are tiny and dextrous.
Your spellcasting is less reliable in this form.
Your armour is entirely melded.
You are incapable of wielding weapons or throwing items.
((You have very sharp teeth.))
Your uncanny sense of smell can sniff out nearby items.
Your experience applies equally to all skills.


Message History

You hit the quasit but do no damage. Your kick misses the quasit.
The quasit bites you. The quasit claws you.
You feel clumsy. The quasit barely misses you.
You take 4 damage, and have 38/47 hp.
You barely miss the quasit. Your kick misses the quasit.
Your headbutt misses the quasit. Your bite misses the quasit.
The quasit bites you but does no damage.
The quasit claws you.
You feel clumsy.
The quasit claws you but does no damage.
The quasit bites you.
You feel clumsy. The quasit claws you. The quasit barely misses you.
You take 3 damage, and have 35/47 hp.
You hit the quasit.
The quasit bites you but does no damage.
The quasit misses you. The quasit claws you.
You take 2 damage, and have 33/47 hp.
Unknown command.
You hit the quasit. You claw the quasit. The quasit bites you.
The quasit claws you but does no damage.
The quasit claws you.
You feel clumsy.
You take 2 damage, and have 31/47 hp.
You closely miss the quasit. Your kick misses the quasit. The quasit bites you.
You feel clumsy. The quasit claws you. x2
You take 4 damage, and have 27/47 hp.
You barely miss the quasit. Your kick misses the quasit.
Your headbutt misses the quasit.
The quasit bites you but does no damage.
The quasit claws you.
You feel clumsy.
You have lost your dexterity.
The quasit claws you but does no damage.
The quasit bites you. The quasit claws you.
The quasit claws you but does no damage.
The quasit bites you.
You feel clumsy. The quasit claws you. The quasit barely misses you.
The quasit bites you.
The quasit claws you but does no damage.
The quasit claws you.
You can move again.
You take 9 damage, and have 18/47 hp.
You closely miss the quasit. Your kick misses the quasit.
Your transformation is almost over.
The quasit bites you. The quasit claws you.
* * * LOW HITPOINT WARNING * * *
You feel clumsy. The quasit barely misses you.
You take 4 damage, and have 14/47 hp.
Your horns disappear.
Your talons disappear.
Your +0 helmet unmelds from your body.
You turn into a venomous arachnid creature.
Your +0 helmet melds into your body.
Your +0 robe melds into your body.
The quasit bites you.
* * * LOW HITPOINT WARNING * * *
You feel clumsy.
The quasit claws you but does no damage.
The quasit closely misses you.
The quasit bites you but does no damage.
The quasit claws you but does no damage.
The quasit claws you.
* * * LOW HITPOINT WARNING * * *
You feel clumsy.
You take 2 damage, and have 12/47 hp.
You now have 10/14 mp.
The spell is quite dangerous to miscast (34% risk of failure)!
Continue anyway?
You miscast Spider Form.
You are very lightly contaminated with residual magic.
Nothing appears to happen.
The quasit bites you.
* * * LOW HITPOINT WARNING * * *
You feel clumsy. The quasit claws you.
* * * LOW HITPOINT WARNING * * *
The quasit claws you.
* * * LOW HITPOINT WARNING * * *
The quasit bites you.
* * * LOW HITPOINT WARNING * * *
You feel clumsy.
The quasit claws you but does no damage.
The quasit barely misses you.
You take 6 damage, and have 6/47 hp.
You now have 7/14 mp.
You feel yourself speed up. The quasit bites you.
* * * LOW HITPOINT WARNING * * *
You feel clumsy.
The quasit claws you but does no damage. x2
The quasit bites you but does no damage.
The quasit claws you.
* * * LOW HITPOINT WARNING * * *
The quasit claws you.
* * * LOW HITPOINT WARNING * * *
You take 2 damage, and have 4/47 hp.
The quasit attacks as you move away! The quasit bites you.
* * * LOW HITPOINT WARNING * * *
You feel clumsy. The quasit barely misses you.
The quasit claws you but does no damage.
The quasit bites you.
You die...

........>.#
#.........)PP..P.###.
..).......#
#..........P~~~~P....
..........#
#...........~~~~..###
..........#
#...........~~~≈P.#.)
..........#
#...........~~≈~..#.#
..........#
#...........♣.~P..#..
###########
#.##'#..#+#+#.#######
###.##.#..#.#.#........
#....#s#..............#
#....#5#.##.#.#####....
#..>.#5#....#.# #.#.#
##...#.######## #.#.#
#####5. #.#.# #..∆
#.#.# #... #.#.# #...
#.#.. #.... #.#..


You could see 2 quasits and an ufetubus.

Vanquished Creatures
  A phantom (D:3)
  3 quasits
  3 adders
  An ufetubus (D:4)
  3 worms
  4 dart slugs
  3 orcs
  3 ball pythons (D:2)
  6 endoplasms
  6 giant cockroaches
  9 hobgoblins
  4 jackals (D:1)
  5 kobolds
  3 quokkas
  7 bats
  2 frilled lizards
  4 goblins
  3 rats
70 creatures vanquished.

Notes
Turn   | Place    | Note
-------+----------+-------------------------------------------
     0 | D:1      | OTABOTABOTAB the Gnoll Transmuter began the quest for the
                  | Orb.
     0 | D:1      | Reached XP level 1. HP: 17/17 MP: 6/6
   188 | D:1      | HP: 4/17 [hobgoblin (2)]
   192 | D:1      | Reached XP level 2. HP: 6/23 MP: 5/7
   203 | D:1      | Learned a level 2 spell: Wereblood
   652 | D:1      | Found a faded altar of an unknown god.
   884 | D:2      | Reached skill level 5 in Spellcasting
   884 | D:2      | Reached XP level 3. HP: 25/28 MP: 7/9
   886 | D:2      | Reached skill level 1 in Invocations
   892 | D:2      | Learned a level 3 spell: Spider Form
   971 | D:2      | Found Goaqese's Book Shop.
  1075 | D:2      | Found Gearuelo's General Store.
  1098 | D:2      | Bought a scroll of identify for 20 gold pieces
  1115 | D:2      | Reached skill level 1 in Short Blades
  1115 | D:2      | Reached skill level 1 in Long Blades
  1115 | D:2      | Reached skill level 1 in Axes
  1115 | D:2      | Reached skill level 1 in Maces & Flails
  1115 | D:2      | Reached skill level 1 in Polearms
  1115 | D:2      | Reached skill level 1 in Staves
  1115 | D:2      | Reached skill level 1 in Ranged Weapons
  1115 | D:2      | Reached skill level 1 in Throwing
  1115 | D:2      | Reached skill level 1 in Armour
  1115 | D:2      | Reached skill level 1 in Stealth
  1115 | D:2      | Reached skill level 1 in Shields
  1115 | D:2      | Reached skill level 1 in Evocations
  1147 | D:2      | Found Teucaitza's Antique Armour Shoppe.
  1238 | D:2      | Found Vuzirphia's Antique Weapon Emporium.
  1381 | D:2      | Reached XP level 4. HP: 34/34 MP: 11/11
  1424 | D:2      | Learned a level 4 spell: Ice Form
  1450 | D:2      | Found a burning altar of Makhleb.
  1600 | D:3      | Noticed a phantom
  1775 | D:3      | Killed a phantom
  1776 | D:3      | Reached skill level 3 in Fighting
  1776 | D:3      | Reached skill level 1 in Conjurations
  1776 | D:3      | Reached skill level 1 in Hexes
  1776 | D:3      | Reached skill level 1 in Summonings
  1776 | D:3      | Reached skill level 1 in Necromancy
  1776 | D:3      | Reached skill level 1 in Translocations
  1776 | D:3      | Reached skill level 1 in Fire Magic
  1776 | D:3      | Reached skill level 1 in Ice Magic
  1776 | D:3      | Reached skill level 1 in Air Magic
  1776 | D:3      | Reached skill level 1 in Earth Magic
  1776 | D:3      | Reached skill level 1 in Poison Magic
  1776 | D:3      | Reached XP level 5. HP: 11/41 MP: 9/12
  1900 | D:3      | Reached skill level 4 in Transmutations
  1942 | D:3      | You fall into a shaft and drop 3 floors!
  1945 | D:6      | Noticed Prince Ribbit
  1952 | D:5      | Entered Level 5 of the Dungeon
  2069 | D:4      | Noticed an ogre
  2258 | D:3      | Identified the +0 ring mail of Numa Hehess {rElec rC+
                  | Int+4}
  2340 | D:3      | Identified the +1 robe of Sorcery {rF+ Str-5 Stlth+}
  2528 | D:4      | Reached skill level 2 in Invocations
  2609 | D:4      | Reached XP level 6. HP: 45/47 MP: 11/14
  2618 | D:4      | Reached skill level 2 in Short Blades
  2618 | D:4      | Reached skill level 2 in Long Blades
  2618 | D:4      | Reached skill level 2 in Axes
  2618 | D:4      | Reached skill level 2 in Maces & Flails
  2618 | D:4      | Reached skill level 2 in Polearms
  2618 | D:4      | Reached skill level 2 in Staves
  2618 | D:4      | Reached skill level 2 in Ranged Weapons
  2618 | D:4      | Reached skill level 2 in Throwing
  2618 | D:4      | Reached skill level 2 in Armour
  2618 | D:4      | Reached skill level 5 in Dodging
  2618 | D:4      | Reached skill level 2 in Stealth
  2618 | D:4      | Reached skill level 2 in Shields
  2618 | D:4      | Reached skill level 2 in Evocations
  2843 | D:4      | Found a staircase to the Ecumenical Temple.
  2872 | D:4      | Lost dexterity.
  2877 | D:4      | HP: 11/47 [quasit (1)]
  2878 | D:4      | HP: 5/47 [quasit (1)]
  2879 | D:4      | HP: 2/47 [quasit (2)]
  2879 | D:4      | Slain by a quasit

Illustrated notes

Levels and vault maps discovered:
D:1:      minmay_arrival_glassed_features, layout_basic,
          chequers_ecumenical_altar_lobes, dreamdust_princess_bridge
D:2:      layout_basic, serial_shops, nicolae_shop_statue_plus, shop,
          nicolae_shop_window_shopping, nicolae_lakefront_shop, basic_altar,
          minmay_split_cup_small
D:3:      layout_rooms
D:4:      minmay_evil_eye, layout_basic, minmay_temple_entry_butterflies,
          serial_demonic, serial_demonic_d, serial_demonic_f, serial_demonic_g,
          serial_demonic_d, serial_demonic_d, serial_demonic_f,
          chequers_serial_rivers_micro_d, minivault_27, grunt_decor_junction,
          minmay_distorted, uniq_eustachio
D:5:      layout_basic
D:6:      layout_layer_cave, serial_shops, nicolae_shop_waterfront,
          kennysheep_generic_room_9, uniq_crazy_yiuf_cottage,
          uniq_blork_the_orc, uniq_grinder, uniq_prince_ribbit1

Skill      XL: |  1  2  3  4  5  6 |
---------------+-------------------+-----
Spellcasting   | 5 |  5.4
Invocations    | 1 2 |  2.2
Short Blades   | 1 2 |  2.0
Long Blades    | 1 2 |  2.0
Axes           | 1 2 |  2.0
Maces & Flails | 1 2 |  2.0
Polearms       | 1 2 |  2.0
Staves         | 1 2 |  2.0
Ranged Weapons | 1 2 |  2.0
Throwing       | 1 2 |  2.0
Armour         | 1 2 |  2.0
Stealth        | 1 2 |  2.0
Shields        | 1 2 |  2.0
Evocations     | 1 2 |  2.0
Fighting       | 3 |  3.2
Conjurations   | 1 |  1.5
Hexes          | 1 |  1.5
Summonings     | 1 |  1.5
Necromancy     | 1 |  1.5
Translocations | 1 |  1.5
Fire Magic     | 1 |  1.5
Ice Magic      | 1 |  1.5
Air Magic      | 1 |  1.5
Earth Magic    | 1 |  1.5
Poison Magic   | 1 |  1.5
Transmutations | 4 |  4.1
Dodging        | 5 |  5.0
Unarmed Combat | |  6.8

Action                   |  1- 3 |  4- 6 || total
-------------------------+-------+-------++-------
Melee: Unarmed           |   102 |   151 ||   253
       Bite              |    11 |     5 ||    16
       Kick              |     4 |     4 ||     8
       Headbutt          |     2 |       ||     2
       Punch             |     5 |       ||     5
Throw: Stone             |     8 |     9 ||    17
 Cast: Beastly Appendage |     4 |     4 ||     8
       Spider Form       |       |     7 ||     7
       Wereblood         |       |     2 ||     2
 Abil: End Transformatio |     3 |     2 ||     5
  Use: Scroll            |     4 |     5 ||     9
       Potion            |       |     1 ||     1
 Stab: Sleeping          |     3 |       ||     3
Armor: Robe              |    13 |    38 ||    51
       Skin              |       |    26 ||    26
Dodge: Dodged            |    59 |   222 ||   281

Table legend: (Time is in decaauts)
 A = Elapsed time spent in this place.
 B = Non-inter-level travel time spent in this place.
 C = Inter-level travel time spent in this place.
 D = Time resting spent in this place.
 E = Time spent auto-exploring this place.
 F = Levels seen in this place.
 G = Mean time per level.
                   A        B        C        D        E       F      G
               +--------+--------+--------+--------+--------+-----+--------+
         Total |   2851 |   2748 |    103 |    254 |   1840 |   6 |  475.2 |
       Dungeon |   2851 |   2748 |    103 |    254 |   1840 |   6 |  475.2 |
               +--------+--------+--------+--------+--------+-----+--------+

Top non-repeatable levels by time:
     D:2: 899 daAuts
     D:1: 862 daAuts
     D:3: 594 daAuts
     D:4: 377 daAuts
     D:5: 107 daAuts
     D:6: 9 daAuts

Table legend:
 A = Kills in this place as a percentage of kills in entire the game.
 B = Kills by you in this place as a percentage of kills by you in the entire game.
 C = Kills by friends in this place as a percentage of kills by friends in the entire game.
 D = Other kills in this place as a percentage of other kills in the entire game.
 E = Experience gained in this place as a percentage of experience gained in the entire game.
 F = Experience gained in this place divided by the number of levels of this place that you have seen.
                   A       B       C       D       E      F
               +-------+-------+-------+-------+-------+----------------------
         Total | 100.0 | 100.0 |   N/A |   N/A | 100.0 |  70.2
       Dungeon | 100.0 | 100.0 |   N/A |   N/A | 100.0 |  70.2
               +-------+-------+-------+-------+-------+----------------------
